 Dungeon Crawl Stone Soup version 0.21.1-1-g345015fe64 (webtiles) character file.

12 DildoBatman the Vexing (level 2, 0/22 HPs)
             Began as a Formicid Enchanter on Mar 30, 2018.
             Slain by a bat (1 damage)
             ... on level 1 of the Dungeon.
             The game lasted 00:01:44 (701 turns).

DildoBatman the Vexing (Formicid Enchanter)          Turns: 701, Time: 00:01:44

Health: 0/22       AC:  3    Str: 12    XL:     2   Next: 45%
Magic:  5/5        EV: 11    Int: 14    God:
Gold:   31         SH:  0    Dex: 11    Spells: 4/5 levels left

rFire    . . .     SeeInvis +   a - +1 dagger
rCold    . . .     Gourm    .   (no shield)
rNeg     . . .     Faith    .   d - +0 leather armour
rPois    .         Spirit   .   (helmet unavailable)
rElec    .         Reflect  .   (no cloak)
rCorr    .         Harm     .   (no gloves)
MR       .....                  (no boots)
Stlth    ++........             (no amulet)
HPRegen  0.07/turn              (no ring)
MPRegen  0.09/turn              (no ring)

@: no status effects
A: permanent stasis, dig shafts and tunnels, four strong arms, antennae 3
a: Dig, Shaft Self


You were on level 1 of the Dungeon.
You were not hungry.

You visited 1 branch of the dungeon, and saw 1 of its levels.

You collected 31 gold pieces.

Inventory:

Hand Weapons
 a - a +1 dagger (weapon)
Missiles
 b - 6 stones (quivered)
 i - 2 curare-tipped needles
Armour
 d - a +0 leather armour (worn)
Scrolls
 g - 3 scrolls of identify {unknown}
 h - a scroll of teleportation {unknown}
Potions
 e - 2 potions of flight {unknown}
Books
 c - a book of Maledictions

   Spells                             Type                      Level
   a - Corona                         Hexes                        1
   b - Ensorcelled Hibernation        Hexes/Ice                    2
   c - Confuse                        Hexes                        3
   d - Tukima's Dance                 Hexes                        3
   e - Dazzling Spray                 Conjuration/Hexes            3
Comestibles
 v - 4 rations


   Skills:
 * Level 2.1 Fighting
 - Level 1.0 Short Blades
 - Level 1.7 Dodging
 - Level 3.6 Stealth
 - Level 2.1 Spellcasting
 - Level 3.6 Hexes


You had 4 spell levels left.
You knew the following spells:

 Your Spells              Type           Power        Failure   Level  Hunger
a - Corona                Hex            ##.....      7%          1    #......


Dungeon Overview and Level Annotations

Branches:
Dungeon (1/15)

Altars:


Innate Abilities, Weirdness & Mutations

You cannot be hasted, slowed, berserked, paralysed or teleported.
You can dig through walls and to a lower floor.
Your four strong arms can wield two-handed weapons with a shield.
You have a pair of large antennae on your head. (SInv)


Message History

The rat bites you but does no damage.
You barely miss the hobgoblin. The bat hits you but does no damage.
The hobgoblin hits you but does no damage.
The rat bites you.
You hit the bat but do no damage. The bat hits you.
The hobgoblin hits you but does no damage.
You hit the hobgoblin but do no damage. The bat misses you. The bat hits you.
The rat bites you. The bat hits you.
You hit the hobgoblin.
The hobgoblin is almost dead.
The bat barely misses you. The hobgoblin barely misses you.
The rat closely misses you. The bat hits you.
You die...

#....#### ..##....##..
..........
........#...##........#
........#.............##
.......................#
.......................##
............#............
............#.(rg.......#
.......[....#...@.......###
.............#.b......#...
..........##.........##.#
..........####.....##...#
..........####........#.#
...........##........##.####
...........#......#...>.....
............................
..................#.........


You could see a hobgoblin, a bat and a rat.

Vanquished Creatures
  2 giant cockroaches (D:1)
  3 hobgoblins (D:1)
  3 kobolds (D:1)
  3 bats (D:1)
  A frilled lizard (D:1)
12 creatures vanquished.

Notes
Turn   | Place    | Note
-------+----------+-------------------------------------------
     0 | D:1      | DildoBatman the Formicid Enchanter began the quest for the Orb.
     0 | D:1      | Reached XP level 1. HP: 13/13 MP: 3/3
   228 | D:1      | Reached skill level 1 in Fighting
   400 | D:1      | Reached XP level 2. HP: 19/21 MP: 0/5
   700 | D:1      | HP: 1/22 [bat (1)]
   701 | D:1      | Slain by a bat

Skill      XL: |  1  2 |
---------------+-------+-----
Fighting       | 1 2 |  2.1
Short Blades   | |  1.0
Dodging        | |  1.7
Stealth        | |  3.6
Spellcasting   | |  2.1
Hexes          | |  3.6

Action                   || total
-------------------------++-------
Melee: Dagger            ||    65
 Cast: Corona            ||    14
Armor: Leather armour    ||    14
       Robe              ||     2
Dodge: Dodged            ||    55
